 Dungeon Crawl Stone Soup version 0.29.0-11-gd7f09526c8 (webtiles) character file.

Game seed: 7178876526858430987

282 Strat the Chopper (level 6, 0/79 HPs)
             Began as a Meteoran Berserker on Sept 5, 2022.
             Was a Believer of Trog.
             Slain by a water moccasin (1 damage)
             ... on level 4 of the Dungeon.
             The game lasted 00:06:14 (1158 turns).

Strat the Chopper (Meteoran Berserker)              Turns: 1158, Time: 00:06:14

Health: 0/79       AC:  5    Str: 21    XL:     6   Next: 84%
Magic:  7/7        EV: 12    Int:  9    God:    Trog [**....]
Gold:   81         SH:  0    Dex: 13    Spells: 5/5 levels left

rFire   . . .      SeeInvis +   a - +0 hand axe (vorpal)
rCold   . . .      Faith    .   (no shield)
rNeg    . . .      Spirit   .   s - +0 leather armour
rPois   .          Reflect  .   j - +2 hat
rElec   .          Harm     .   (no cloak)
rCorr   +          Rampage  .   (no gloves)
Will    .....                   (no boots)
Stlth   ..........              (no amulet)
HPRegen 0.23/turn               l - ring of see invisible
MPRegen 0.10/turn               q - ring of resist corrosion

@: berserking (expiring), lethally poisoned (0 -> -11), glowing, very quick
A: sense surroundings 1, otherworldly, glowing, explore regen
a: Renounce Religion, Berserk, Trog's Hand


You were on level 4 of the Dungeon.
You worshipped Trog.
Trog was pleased with you.
You visited 1 branch of the dungeon, and saw 4 of its levels.

You collected 81 gold pieces.

Inventory:

Hand Weapons
 a - a +0 vorpal hand axe (weapon)
 b - the +7 sling of the Eternal Warrior {flame, Str+7}
   (You found it on level 3 of the Dungeon)

   Any ammunition fired from it burns those it strikes, dealing additional fire
   damage.
   Str:       It affects your strength (+7).
Missiles
 p - 3 silver javelins (quivered)
Armour
 j - a +2 hat (worn)
 s - a +0 leather armour (worn)
 t - a +0 animal skin
Jewellery
 l - a ring of see invisible (left hand)
 q - a ring of resist corrosion (right hand)
Scrolls
 c - a scroll of torment {unknown}
 f - a scroll of brand weapon
Potions
 d - 2 potions of ambrosia
 e - a potion of haste {unknown}
 g - a potion of invisibility {unknown}
 h - 2 potions of brilliance {unknown}
 i - a potion of mutation {unknown}
 m - 3 potions of magic {unknown}
 n - 2 potions of flight {unknown}
 v - a potion of might {unknown}


   Skills:
 + Level 4.4 Fighting
 + Level 6.7 Axes
 + Level 4.0 Armour
 - Level 2.4 Dodging


You had 5 spell levels left.
You didn't know any spells.
Your spell library was empty.

Dungeon Overview and Level Annotations

Branches:
Dungeon (4/15) Zot: 1227
 Temple: D:4-7

Altars:


Innate Abilities, Weirdness & Mutations

You passively map a small area around you.
You are easily found by Zot.
You glow in the dark.
You regain HP and MP as you explore.


Message History

You barely miss the water moccasin.
The water moccasin is moderately wounded.
You hit the hobgoblin.
You kill the hobgoblin!
Trog accepts your kill.
You feel sick.
Your butterfly disappears in a burst of colours!
The water moccasin barely misses you.
You closely miss the water moccasin.
The water moccasin is moderately wounded.
You slash the endoplasm!
You kill the endoplasm!
Trog accepts your kill.
You feel sick. The water moccasin closely misses you.
You closely miss the water moccasin.
The water moccasin is moderately wounded.
You hit the orc.
You feel sick.
You hit the water moccasin.
The water moccasin is severely wounded.
You hit the orc.
You kill the orc!
Trog accepts your kill.
You feel sick. The water moccasin bites you!
* * * LOW HITPOINT WARNING * * *
You barely miss the water moccasin.
The water moccasin is severely wounded.
You feel sick. The water moccasin bites you.
* * * LOW HITPOINT WARNING * * *
You are more poisoned.
The water moccasin poisons you!
You hit the water moccasin.
The water moccasin is almost dead.
* * * LOW HITPOINT WARNING * * *
You feel very sick.
The water moccasin bites you but does no damage.
You barely miss the water moccasin.
The water moccasin is almost dead.
* * * LOW HITPOINT WARNING * * *
You feel sick. The water moccasin bites you.
You die...

,##.<#....#..............
,#..).....##...........[.
....#..........#g........
*
...##.......#.o#.........
,
...*##.....##.....##......
, ...
..##...##r........... ...
....#.b##..h.......... ,
.##
...........##)........, .,
....##...b.#@S........ ,
,#..b....##)........
#.....#..b...........
..... #.####..........** ,
.... ...#* ##....###.#*
,.........####....#.(# .
.##...#..#..........# #
...###.........#..# . #
......##.........# ####


You could see a water moccasin.

Vanquished Creatures
  A scorpion (D:4)
  2 hounds (D:4)
  An iguana (D:4)
  7 adders
  A worm (D:4)
  3 dart slugs
  5 orcs
  7 endoplasms
  A giant cockroach (D:2)
  9 goblins
  7 hobgoblins
  6 quokkas
  2 ball pythons
  2 bats
  3 kobolds
  5 rats
62 creatures vanquished.

Notes
Turn   | Place    | Note
-------+----------+-------------------------------------------
     0 | D:1      | Strat the Meteoran Berserker began the quest for the Orb.
     0 | D:1      | Reached XP level 1. HP: 19/19 MP: 2/2
     6 | D:1      | Found a faded altar of an unknown god.
   173 | D:1      | Reached skill level 4 in Axes
   237 | D:1      | Reached XP level 2. HP: 18/26 MP: 3/3
   407 | D:2      | Reached XP level 3. HP: 31/31 MP: 4/4
   505 | D:2      | Reached skill level 5 in Axes
   600 | D:2      | Reached XP level 4. HP: 30/38 MP: 5/5
   651 | D:2      | Reached ** piety under Trog
   674 | D:3      | Reached skill level 6 in Axes
   775 | D:3      | Reached XP level 5. HP: 45/45 MP: 6/6
   870 | D:3      | Identified the +7 sling of the Eternal Warrior {flame,
                  | Str+7}
  1007 | D:4      | Reached XP level 6. HP: 41/52 MP: 7/7
  1124 | D:4      | Noticed a water moccasin
  1157 | D:4      | HP: 3/79 [poisoned by a water moccasin]
  1158 | D:4      | HP: 1/79 [poisoned by a water moccasin]
  1158 | D:4      | Slain by a water moccasin

Illustrated notes

Levels and vault maps discovered:
D:1:      tarquinn_simple_flora_water_f, layout_basic,
          dreamdust_ecumenical_altar_statues, serial_park_tiny_1,
          reono_crystal_passage, minmay_pentomino_x2
D:2:      minmay_door_path, layout_rooms
D:3:      layout_loops_ring
D:4:      layout_cave_pools, grunt_qazlal_clouds,
          mainiacjoe_overflow_six_doors_small, eino_tiny_chamber,
          guppyfry_shop_venom

Skill      XL: |  1  2  3  4  5  6 |
---------------+-------------------+-----
Axes           | 4 5 6 |  6.7
Armour         | 3 4 |  4.0
Fighting       | 4 |  4.4
Dodging        | |  2.4

Action                   |  1- 3 |  4- 6 || total
-------------------------+-------+-------++-------
Melee: Hand axe          |    85 |   100 ||   185
       Punch             |     1 |     1 ||     2
 Fire: Sling             |       |     6 ||     6
Invok: Berserk           |       |     3 ||     3
  Use: Scroll            |       |     9 ||     9
Armor: Animal skin       |    23 |    15 ||    38
       Leather armour    |       |    23 ||    23
Dodge: Dodged            |    49 |    57 ||   106
